 Dungeon Crawl Stone Soup version 0.26-a0-639-g72c4674329 (webtiles) character file.

Game seed: 6123670479340402391

331 DogServant the Skirmisher (level 6, -21/41 HPs)
             Began as a Gargoyle Fighter on Sept 15, 2020.
             Was an Initiate of Okawaru.
             Demolished by an ogre
             ... wielding a +0 giant spiked club
              (23 damage)
             ... on level 4 of the Dungeon.
             The game lasted 00:03:50 (3590 turns).

DogServant the Skirmisher (Gargoyle Fighter)        Turns: 3590, Time: 00:03:50

Health: -21/41     AC: 11    Str: 22    XL:     6   Next: 52%
Magic:  6/6        EV:  7    Int:  8    God:    Okawaru [......]
Gold:   166        SH:  9    Dex:  9    Spells: 5/5 levels left

rFire    . . .     SeeInvis .   j - +3 whip
rCold    . . .     Faith    .   c - +0 kite shield
rNeg     + . .     Spirit   .   b - +0 scale mail
rPois    ∞         Reflect  .   (no helmet)
rElec    +         Harm     .   (no cloak)
rCorr    .         Rampage  .   (no gloves)
MR       .....                  (no boots)
Stlth    ..........             (no amulet)
HPRegen  0.13/turn              (no ring)
MPRegen  0.10/turn              (no ring)

@: no status effects
A: negative energy resistance 1, electricity resistance, unbreathing,
petrification resistance, rot immunity, AC +4
a: Renounce Religion


You were on level 4 of the Dungeon.
You worshipped Okawaru.
Okawaru was noncommittal.
You visited 1 branch of the dungeon, and saw 5 of its levels.

You collected 166 gold pieces.

Inventory:

Hand Weapons
 j - a +3 whip (weapon)
Armour
 b - a +0 scale mail (worn)
 c - a +0 kite shield (worn)
 q - a +0 helmet
Scrolls
 a - a scroll of fog {unknown}
 e - 5 scrolls of identify {unknown}
 g - 2 scrolls of random uselessness {unknown}
 h - 3 scrolls of remove curse {unknown}
 i - 2 scrolls of fear {unknown}
 o - a scroll of enchant weapon {unknown}
 r - a scroll of enchant armour {unknown}
Potions
 d - 2 potions of might
 f - 2 potions of mutation {unknown}
 k - a potion of resistance {unknown}
 l - a potion of heal wounds {unknown}
 m - 2 potions of haste {unknown}
 n - 2 potions of curing {unknown}
 p - 2 potions of magic {unknown}
 s - a potion of stabbing {unknown}


   Skills:
 + Level 5.8 Fighting
 + Level 4.8 Maces & Flails
 - Level 3.5 Armour
 - Level 3.4 Shields


You had 5 spell levels left.
You didn't know any spells.
Your spell library was empty.

Dungeon Overview and Level Annotations

Branches:
Dungeon (5/15)
 Temple: D:4-7

Altars:
Cheibriados
Elyvilon
Gozag
Hepliaklqana
Kikubaaqudgha
Okawaru
Xom
The Shining One

Shops:
D:4 (


Innate Abilities, Weirdness & Mutations

You are resistant to torment.
Your stone body is resilient. (AC +4)
You are immune to poison.
You resist negative energy. (rN+)
You are resistant to electric shocks. (rElec)
You can survive without breathing.
You are immune to petrification.
You are immune to rotting.


Message History

The ogre is moderately wounded.
You hit the ogre.
The ogre is heavily wounded.
You block the ogre's attack.
You hit the ogre.
The ogre is heavily wounded.
The ogre hits you with a +0 giant spiked club!!
Ouch! That really hurt!
* * * LOW HITPOINT WARNING * * *
Okay, then.
You hit the ogre but do no damage.
The ogre is heavily wounded.
You hit the ogre.
The ogre is severely wounded.
The ogre hits you but does no damage.
You hit the ogre.
The ogre is severely wounded.
The ogre hits you with a +0 giant spiked club!!
Ouch! That really hurt!
You die...

... #..........#
#.###..........# .
#..............#
...##....#........#
#..#.............#####
###....#.#.##.........#
..............#######.#
#....##.####.#######.#
#.#..@O......†...##.#
#.....#............#..#
..... ##..............#
.... ....##......∩...#
... .#..............#
.. ###....##......# .
..###.........+ ..
..........+
...##......#


You could see an ogre.

Vanquished Creatures
  4 wights (D:4)
  Jessica (D:2)
  Robin (D:2)
  5 adders
  A worm (D:4)
  3 leopard geckos
  4 orcs (D:3)
  5 giant cockroaches
  13 goblins
  9 hobgoblins
  4 jackals (D:3)
  A quokka (D:2)
  2 ball pythons
  6 bats
  4 frilled lizards
  10 kobolds
  7 rats
80 creatures vanquished.

Notes
Turn   | Place    | Note
-------+----------+-------------------------------------------
     0 | D:1      | DogServant the Gargoyle Fighter began the quest for the
                  | Orb.
     0 | D:1      | Reached XP level 1. HP: 14/14 MP: 1/1
   119 | D:1      | Reached XP level 2. HP: 19/19 MP: 2/2
   777 | D:2      | Reached XP level 3. HP: 24/24 MP: 3/3
   870 | D:2      | Found a hazy altar of Hepliaklqana.
  1065 | D:2      | Noticed Robin
  1091 | D:2      | Killed Robin
  1091 | D:2      | Reached skill level 4 in Fighting
  1126 | D:2      | Reached XP level 4. HP: 26/29 MP: 4/4
  1145 | D:2      | Noticed Jessica
  1164 | D:2      | Killed Jessica
  1217 | D:2      | Found a faded altar of an unknown god.
  1448 | D:2      | Found a glowing golden altar of the Shining One.
  1570 | D:2      | Found a snail-covered altar of Cheibriados.
  1573 | D:2      | Found an iron altar of Okawaru.
  1576 | D:2      | Found an opulent altar of Gozag.
  1582 | D:2      | Became a worshipper of Warmaster Okawaru
  1588 | D:2      | Found an ancient bone altar of Kikubaaqudgha.
  1909 | D:3      | Reached XP level 5. HP: 34/34 MP: 5/5
  2026 | D:3      | Found a white marble altar of Elyvilon.
  2162 | D:3      | Found a shimmering altar of Xom.
  2307 | D:3      | Reached skill level 5 in Fighting
  3028 | D:4      | Reached XP level 6. HP: 38/40 MP: 6/6
  3185 | D:4      | Found Kuddeussyl's Weapon Shoppe.
  3215 | D:5      | Entered Level 5 of the Dungeon
  3587 | D:4      | HP: 1/41 [ogre/+0 giant spiked club (25)]
  3590 | D:4      | Demolished by an ogre

Illustrated notes

Levels and vault maps discovered:
D:1:      dpeg_arrival_pond, layout_basic
D:2:      layout_basic, old_standard_altar, nicolae_tso_swordbearing_angel,
          grunt_temple_overflow_cloverleaf, chequers_ecumenical_altar_island,
          uniq_robin, uniq_jessica
D:3:      layout_basic, elyvilon_altar_3, lemuel_crystal_altar,
          chequers_serial_rivers_room_a
D:4:      layout_rooms, serial_shops, shop, kennysheep_opposing_triangles
D:5:      layout_loops_ring, serial_bayou, serial_bayou_pond_c,
          serial_bayou_lagoon_a, serial_bayou_shore_b, serial_bayou_pond_e,
          kennysheep_generic_room_16

Skill      XL: |  1  2  3  4  5 |
---------------+----------------+-----
Fighting       | 4 5 |  5.8
Maces & Flails | 3 4 |  4.8
Armour         | |  3.5
Shields        | |  3.4

Action                   |  1- 3 |  4- 6 || total
-------------------------+-------+-------++-------
Melee: Flail             |    26 |       ||    26
       Whip              |    91 |   172 ||   263
Armor: Scale mail        |    70 |    59 ||   129
Dodge: Dodged            |    37 |    52 ||    89
Block: Kite shield       |    64 |    72 ||   136

Table legend: (Time is in decaauts)
 A = Elapsed time spent in this place.
 B = Non-inter-level travel time spent in this place.
 C = Inter-level travel time spent in this place.
 D = Time resting spent in this place.
 E = Time spent auto-exploring this place.
 F = Levels seen in this place.
 G = Mean time per level.
                   A        B        C        D        E       F      G
               +--------+--------+--------+--------+--------+-----+--------+
         Total |   3611 |   3501 |    110 |    793 |   2133 |   5 |  722.2 |
       Dungeon |   3611 |   3501 |    110 |    793 |   2133 |   5 |  722.2 |
               +--------+--------+--------+--------+--------+-----+--------+

Top non-repeatable levels by time:
     D:3: 1276 daAuts
     D:2: 1038 daAuts
     D:1: 676 daAuts
     D:5: 367 daAuts
     D:4: 252 daAuts
